 Dungeon Crawl Stone Soup version 0.27.0-1-g7a089689b8 (webtiles) character file.

Game seed: 10866253253427859435

49 SnakkuSnakku7 the Slasher (level 3, -4/29 HPs)
             Began as a Barachi Chaos Knight on Aug 2, 2021.
             Was a Plaything of Xom.
             Slain by a hobgoblin (10 damage)
             ... on level 2 of the Dungeon.
             The game lasted 00:01:51 (1088 turns).

SnakkuSnakku7 the Slasher (Barachi Chaos Knight)    Turns: 1088, Time: 00:01:53

Health: -4/29      AC:  5    Str: 14    XL:     3   Next: 75%
Magic:  3/3        EV: 11    Int: 12    God:    Xom [..*...]
Gold:   36         SH:  0    Dex: 11    Spells: 2/2 levels left

rFire    . . .     SeeInvis .   a - +3 demon blade (chaos)
rCold    . . .     Faith    .   (no shield)
rNeg     . . .     Spirit   .   b - +2 leather armour
rPois    .         Reflect  .   (no helmet)
rElec    .         Harm     .   (no cloak)
rCorr    .         Rampage  .   (no gloves)
Will     .....                  (no boots)
Stlth    +.........             (no amulet)
HPRegen  0.09/turn              (no ring)
MPRegen  0.08/turn              (no ring)

@: slow
A: amphibious, slowness 1, strong legs 1, +LOS
a: Hop, Renounce Religion


You were on level 2 of the Dungeon.
You worshipped Xom.
You were a toy of Xom.
You visited 1 branch of the dungeon, and saw 2 of its levels.

You collected 36 gold pieces.

Inventory:

Hand Weapons
 a - a +3 demon blade of chaos (weapon)
Missiles
 c - 12 poisoned darts
Armour
 b - a +2 leather armour (worn)
Scrolls
 e - a scroll of identify {unknown}
Potions
 d - a potion of flight {unknown}


   Skills:
 - Level 3.6 Fighting
 + Level 5.5 Long Blades
 - Level 2.4 Armour
 - Level 1.1 Dodging


You had 2 spell levels left.
You didn't know any spells.
Your spell library was empty.

Dungeon Overview and Level Annotations

Branches:
Dungeon (2/15)

Altars:
Xom

Shops:
D:2 =

Annotations:
D:2 Jessica


Innate Abilities, Weirdness & Mutations

You are amphibious.
You cover ground slowly.
You can hop short distances.
You have an extended range of vision and can be seen from far away.


Message History

There is a dry fountain here.
Found a faded altar of an unknown god.
Found a short sword.
You now have 36 gold pieces (gained 11).
There is a dry fountain here.
There is a dry fountain here.
You open the door. As you open the door, it creaks loudly!
A hobgoblin comes into view.
The hobgoblin shouts!
A hobgoblin is nearby!
You barely miss the hobgoblin. The hobgoblin barely misses you.
You slash the hobgoblin!
You kill the hobgoblin!
No target in view!
Found a scroll labelled YRGHOCV BOLAEKI.
There is an open door here.
e - a scroll labelled YRGHOCV BOLAEKI You open the door.
A rat, a hobgoblin and Jessica come into view.
Jessica shouts!
The hobgoblin shouts!
Found Liesajuo's Jewellery Emporium.
Found a stone staircase leading down.
You closely miss Jessica. Jessica gestures at you while chanting.
Pain shoots through your body!
You barely miss Jessica. Jessica barely misses you.
You riposte.
You hit Jessica.
Jessica seems to speed up.
Jessica is heavily wounded.
You barely miss Jessica.
Jessica is heavily wounded.
Jessica hits you but does no damage.
You closely miss Jessica.
Jessica is heavily wounded.
Jessica barely misses you.
The hobgoblin hits you with a +0 quarterstaff!
* * * LOW HITPOINT WARNING * * *
Jessica hits you but does no damage.
The hobgoblin hits you with a +0 quarterstaff!
You die...
Xom bursts into laughter!

#...... # #...... ..
#...... ...∩ ######......
..⌠.⌠# #...........
.......########......###..
.>r....'.r....'.....#...#.
.......##@g...#....#..8.⌠#
.g.... #@....#....#.8.(##
...@. #.....##'###...#∩#
.... #.....##..#.#⌠#_#.
... #.....###.#..###.. ##
####### #.#...#⌠.8
#......#.. ##.†....##
#)....... #.###.###


You could see Jessica (fast), a hobgoblin and a rat.

Vanquished Creatures
  An adder (D:2)
  2 ball pythons (D:1)
  2 endoplasms (D:1)
  A giant cockroach (D:1)
  5 goblins
  5 hobgoblins
  10 jackals (D:1)
  3 bats
  A frilled lizard (D:1)
  2 kobolds (D:1)
  A rat (D:1)
33 creatures vanquished.

Notes
Turn   | Place    | Note
-------+----------+-------------------------------------------
     0 | D:1      | SnakkuSnakku7 the Barachi Chaos Knight began the quest for
                  | the Orb.
     0 | D:1      | Reached XP level 1. HP: 18/18 MP: 1/1
   128 | D:1      | XOM: potion effect (haste)
   140 | D:1      | Reached skill level 4 in Long Blades
   148 | D:1      | Reached XP level 2. HP: 23/24 MP: 2/2
   157 | D:1      | XOM: 6-stop teleportation journey
   246 | D:1      | XOM: scenery: create altars
   412 | D:1      | XOM: cloud trail
   464 | D:1      | Reached XP level 3. HP: 29/29 MP: 3/3
   466 | D:1      | Reached skill level 5 in Long Blades
   638 | D:1      | XOM: divination: detect creatures
   660 | D:1      | XOM: god gift: +3 demon blade of chaos
   855 | D:2      | XOM: silly message
  1043 | D:2      | Found a faded altar of an unknown god.
  1079 | D:2      | Found Liesajuo's Jewellery Emporium.
  1079 | D:2      | Noticed Jessica
  1088 | D:2      | Slain by a hobgoblin

Illustrated notes

Levels and vault maps discovered:
D:1:      dpeg_arrival_rooms_b, layout_basic
D:2:      layout_basic, serial_shops, shop_fountains,
          shapermc_ecumenical_altar_venn, uniq_jessica

Skill      XL: |  1  2  3 |
---------------+----------+-----
Long Blades    | 4 5 |  5.5
Fighting       | |  3.6
Armour         | |  2.4
Dodging        | |  1.1

Action                   || total
-------------------------++-------
Melee: Falchion          ||    75
       Demon blade       ||    27
 Stab: Paralysed         ||     2
Armor: Leather armour    ||    52
Dodge: Dodged            ||    58
       Rpst.: Falchion   ||    11
       Demon blade       ||     2
